[Event "Titled Tuesday Blitz June 27 Early 2023"]
[White "Gubajdullin, Alexei"]
[Black "Zuriel, Marisa"]
[WhiteFideId "4141202"]
[BlackFideId "109142"]
[WhiteElo "2604"]
[BlackElo "2334"]
[Result "1-0"]
[Round "8"]
[TimeControl "180+2"]
[Date "2023.06.27"]
[WhiteClock "0:01:03"]
[BlackClock "0:01:37"]
[Board "76"]

1. d4 Nf6 2. Nf3 c5 3. d5 b5 4. c4 g6 5. Nbd2 Bg7 6. e4 d6 7. cxb5 a6 8. a4 O-O 9. Qc2 Qa5 10. Ra3 e6 11. dxe6 Bxe6 12. Be2 Nxe4 13. Qxe4 d5 14. Qh4 Re8 15. O-O Bf5 16. Bd3 Bxd3 17. Rxd3 d4 18. Nc4 Qxa4 19. Nd6 Rf8 20. Ng5 h6 21. Ngxf7 Rxf7 22. Nxf7 Kxf7 23. Rf3+ Kg8 24. Bxh6 Nd7 25. Bxg7 1-0


[Site "https://www.chess.com"]

[Event "Titled Tuesday Blitz June 27 Early 2023"]
[White "Dishman, Stephen"]
[Black "De La Villa Garcia, Jesus Maria"]
[WhiteFideId "403024"]
[BlackFideId "2200040"]
[WhiteElo "2382"]
[BlackElo "2603"]
[Result "0-1"]
[Round "8"]
[TimeControl "180+2"]
[Date "2023.06.27"]
[WhiteClock "0:00:23"]
[BlackClock "0:01:54"]
[Board "77"]

1. c4 e5 2. g3 Nf6 3. Bg2 c6 4. d4 e4 5. Nc3 d5 6. Qb3 dxc4 7. Qxc4 Be6 8. Qa4 b5 9. Qd1 Bb4 10. Nh3 Bxc3+ 11. bxc3 O-O 12. Nf4 Bf5 13. a4 g5 14. Nh3 h6 15. axb5 cxb5 16. e3 Qc8 17. Ng1 Qxc3+ 18. Bd2 Qc8 19. Ne2 Nbd7 20. Nc3 a6 21. O-O Nb6 22. Qb1 Re8 23. Rc1 Nc4 24. Be1 Bh3 25. Bh1 Qf5 26. Ra2 Nxe3 27. Nxe4 Nxe4 28. Bxe4 Rxe4 0-1


[Site "https://www.chess.com"]

[Event "Titled Tuesday Blitz June 27 Early 2023"]
[White "Zavgorodniy, Sergiy"]
[Black "Rosh Jain"]
[WhiteFideId "14110148"]
[BlackFideId "25789465"]
[WhiteElo "2591"]
[BlackElo "2310"]
[Result "0-1"]
[Round "8"]
[TimeControl "180+2"]
[Date "2023.06.27"]
[WhiteClock "0:01:02"]
[BlackClock "0:00:41"]
[Board "78"]

1. d4 Nf6 2. c4 e6 3. Nf3 d5 4. e3 c5 5. dxc5 Bxc5 6. a3 Nc6 7. b4 Bd6 8. Bb2 dxc4 9. Bxc4 a6 10. O-O b5 11. Bd3 Bb7 12. Qe2 O-O 13. Rd1 Qe7 14. Nc3 Rfd8 15. Rac1 Rac8 16. Ng5 Ne5 17. Bb1 Nc4 18. Nf3 Bxf3 19. gxf3 Be5 20. f4 Bb8 21. Ne4 Nxe4 22. Bxe4 e5 23. fxe5 Bxe5 24. Bxe5 Qxe5 25. Bb7 Rxd1+ 26. Rxd1 Re8 27. Bxa6 Nxa3 28. Bb7 Qe7 29. Bd5 Qxb4 30. Bxf7+ Kxf7 31. Qh5+ Kf8 32. Qxh7 Qg4+ 33. Kh1 Qxd1+ 34. Kg2 Qg4+ 35. Kf1 Qc4+ 36. Kg2 Qe4+ 0-1


[Site "https://www.chess.com"]

[Event "Titled Tuesday Blitz June 27 Early 2023"]
[White "profedechess93"]
[Black "Marchesich, Giovanni"]
[BlackFideId "2824790"]
[WhiteElo "2580"]
[BlackElo "2289"]
[Result "0-1"]
[Round "8"]
[TimeControl "180+2"]
[Date "2023.06.27"]
[WhiteClock "0:00:10"]
[BlackClock "0:00:04"]
[Board "79"]

1. e4 e5 2. Nf3 d5 3. Nxe5 Bd6 4. d4 dxe4 5. Qe2 Nf6 6. Bg5 O-O 7. Nc3 h6 8. Bxf6 gxf6 9. Ng4 f5 10. Ne5 Bxe5 11. dxe5 Nc6 12. Rd1 Qg5 13. h4 Qf4 14. Qh5 Be6 15. g3 Qxe5 16. Qxh6 Qg7 17. Qe3 Rad8 18. Be2 Nd4 19. Rc1 c5 20. O-O a6 21. a4 Kh7 22. Kh2 Rb8 23. a5 Qe5 24. Rfd1 Rg8 25. Qf4 Qxf4 26. gxf4 Rg6 27. Rg1 Rd8 28. Rg5 f6 29. Rxg6 Kxg6 30. Rg1+ Kh6 31. Bd1 Nc6 32. Rg3 Bf7 33. Be2 Bh5 34. Bc4 Nd4 35. Bb3 Bg4 36. h5 Nf3+ 37. Kg2 Rd2 38. Bc4 Nh4+ 39. Kf1 Rxc2 40. Kg1 Rc1+ 41. Kh2 Nf3+ 42. Rxf3 Bxf3 43. Bf1 Rxf1 44. Kg3 Rh1 45. Nd5 Rxh5 46. Nxf6 Rh1 47. Ng8+ Kg7 48. Ne7 Rg1+ 49. Kh2 Rg2+ 50. Kh3 Rxf2 51. Nxf5+ Kf6 52. Nh4 Rxb2 53. Kg3 c4 54. f5 c3 55. Kf4 c2 56. Ng2 c1=Q+ 57. Ne3 Qxe3+ 58. Kg3 Qf2+ 59. Kf4 Qh4+ 60. Ke3 Qg5+ 61. Kd4 Qd2+ 62. Kc4 Qb4+ 63. Kd5 Rd2# 0-1


[Site "https://www.chess.com"]

[Event "Titled Tuesday Blitz June 27 Early 2023"]
[White "Liu, Xiangyi"]
[Black "Philippe, Guillaume"]
[WhiteFideId "8605718"]
[BlackFideId "36048763"]
[WhiteElo "2729"]
[BlackElo "2295"]
[Result "0-1"]
[Round "8"]
[TimeControl "180+2"]
[Date "2023.06.27"]
[WhiteClock "0:00:17"]
[BlackClock "0:00:02"]
[Board "80"]

1. b3 e5 2. Bb2 Nc6 3. e3 Nf6 4. Bb5 d6 5. d4 exd4 6. exd4 Bd7 7. Nf3 Be7 8. O-O O-O 9. d5 Ne5 10. Bxd7 Nfxd7 11. Nd4 Bf6 12. Nd2 g6 13. f4 c5 14. fxe5 Bxe5 15. Ne4 Nb6 16. c4 Qh4 17. Nf3 Qxe4 18. Nxe5 dxe5 19. Re1 Qh4 20. g3 Qh3 21. Bxe5 Rfe8 22. Qf3 a5 23. Qf6 Rxe5 24. Rxe5 Nd7 25. Qf4 Nxe5 26. Qxe5 Qg4 27. Rf1 a4 28. Qe7 Qd4+ 29. Kh1 Rf8 30. Qxb7 Qd3 31. Rf4 Qb1+ 32. Kg2 Qxa2+ 33. Rf2 Qa3 34. Rf3 Qb2+ 35. Kh3 a3 36. Qa7 a2 37. Rf1 Qxb3 38. Qxc5 Qc3 39. d6 a1=Q 40. Rxa1 Qxa1 41. Qd5 Qf6 42. c5 Rd8 43. Kg4 Kf8 44. Qc6 Qf5+ 45. Kh4 Qh5# 0-1


[Site "https://www.chess.com"]

[Event "Titled Tuesday Blitz June 27 Early 2023"]
[White "Liu, Casper"]
[Black "Fromm, Marius"]
[WhiteFideId "1454153"]
[BlackFideId "12993190"]
[WhiteElo "2521"]
[BlackElo "2689"]
[Result "1/2-1/2"]
[Round "8"]
[TimeControl "180+2"]
[Date "2023.06.27"]
[WhiteClock "0:01:09"]
[BlackClock "0:00:52"]
[Board "81"]

1. e4 c5 2. d4 cxd4 3. Qxd4 Nc6 4. Qe3 Nf6 5. Nc3 e6 6. Bd2 d5 7. exd5 Nxd5 8. Nxd5 Qxd5 9. Nf3 Bc5 10. Qd3 Qxd3 11. Bxd3 Nb4 12. Bb5+ Bd7 13. Bxd7+ Kxd7 14. O-O-O Ke7 15. Ne5 Rhd8 16. a3 Nc6 17. Nxc6+ bxc6 18. Bb4 Bxb4 19. axb4 a5 20. Rxd8 Kxd8 21. bxa5 Rxa5 22. Kd2 g5 23. h4 g4 24. Rd1 Ke7 25. Ke3 Re5+ 26. Kd3 Rd5+ 27. Ke2 Rxd1 28. Kxd1 Kd6 29. Kd2 f5 30. g3 e5 31. Kd3 Kd5 32. c4+ Kc5 33. Kc3 f4 34. b4+ Kd6 35. Kd3 h5 36. gxf4 exf4 37. Ke4 f3 38. Kf4 Ke6 39. Ke4 Kd7 40. Kf4 Ke7 41. Ke4 Kf6 42. Kf4 Ke6 43. Ke4 c5 44. b5 Kd7 45. Kf4 Kc7 46. Ke4 Kb6 47. Kf4 Ka5 48. Ke4 Kb6 49. Kf4 Kc7 50. Ke4 Kd6 51. Kf4 Ke6 52. Ke4 Kd6 53. Kf4 Kc7 1/2-1/2


[Site "https://www.chess.com"]

[Event "Titled Tuesday Blitz June 27 Early 2023"]
[White "Shuvalov, Evgenij"]
[Black "Mirzoev, Azer"]
[WhiteFideId "4187237"]
[BlackFideId "13400304"]
[WhiteElo "2503"]
[BlackElo "2678"]
[Result "0-1"]
[Round "8"]
[TimeControl "180+2"]
[Date "2023.06.27"]
[WhiteClock "0:00:10"]
[BlackClock "0:00:07"]
[Board "82"]

1. d4 c6 2. e4 d5 3. exd5 cxd5 4. c4 e6 5. Nc3 Nf6 6. Nf3 Bb4 7. cxd5 Nxd5 8. Qc2 Nc6 9. Bd3 Nf6 10. O-O O-O 11. Rd1 h6 12. Qe2 Be7 13. a3 b6 14. Bc2 Bb7 15. Qd3 Re8 16. Bf4 Rc8 17. Ne5 Nxe5 18. Bxe5 a6 19. Rac1 b5 20. Bxf6 Bxf6 21. Qh7+ Kf8 22. Bd3 Ke7 23. Bf1 Rh8 24. Qd3 g6 25. Qe3 Kf8 26. g3 Kg7 27. h4 Rc7 28. Bg2 Bxg2 29. Kxg2 Rd7 30. Ne2 Qa8+ 31. Qf3 g5 32. h5 Qxf3+ 33. Kxf3 Rb8 34. Rc6 a5 35. b3 b4 36. a4 Rbd8 37. Ke4 Rd5 38. f4 g4 39. Rd3 Rxh5 40. Rc5 Rh2 41. Ke3 Rd5 42. Rd2 h5 43. Rdc2 h4 44. gxh4 Rxh4 45. Rxd5 exd5 46. f5 Rh3+ 47. Kf4 Rxb3 48. Kxg4 Ra3 49. Nf4 Bxd4 50. Nh5+ Kf8 51. f6 Ke8 52. Rc7 b3 53. Re7+ Kd8 54. Rxf7 b2 55. Rb7 Rxa4 56. Kf5 Rb4 57. Rxb4 axb4 58. f7 b1=Q+ 59. Ke6 Qg6+ 60. Kxd5 Qxh5+ 61. Kxd4 Qxf7 0-1


[Site "https://www.chess.com"]

[Event "Titled Tuesday Blitz June 27 Early 2023"]
[White "Liyanage, Ranindu Dilshan"]
[Black "Czerw, Dawid"]
[WhiteFideId "9915834"]
[BlackFideId "1145746"]
[WhiteElo "2664"]
[BlackElo "2497"]
[Result "1-0"]
[Round "8"]
[TimeControl "180+2"]
[Date "2023.06.27"]
[WhiteClock "0:01:18"]
[BlackClock "0:00:15"]
[Board "83"]

1. Nf3 c5 2. e4 Nc6 3. Bb5 e6 4. O-O Nge7 5. Re1 a6 6. Bf1 d5 7. exd5 Nxd5 8. d4 cxd4 9. Nxd4 Nxd4 10. Qxd4 Nf6 11. Qxd8+ Kxd8 12. Bf4 Bd7 13. Nd2 Nd5 14. Bg3 Nb4 15. Rec1 f6 16. Nc4 Bc5 17. a3 Nd5 18. Rd1 Ke7 19. b4 Ba7 20. Nd6 Bc6 21. c4 Nc3 22. Re1 Rad8 23. c5 Bb8 24. Rac1 Nd5 25. Bc4 b5 26. Bb3 Bxd6 27. cxd6+ Rxd6 28. Bxd6+ Kxd6 29. Rxc6+ Kxc6 30. Rxe6+ Kd7 31. Bxd5 Rc8 32. g3 Rc1+ 33. Kg2 Rd1 34. Bf3 Ra1 35. Rxa6 1-0


[Site "https://www.chess.com"]

[Event "Titled Tuesday Blitz June 27 Early 2023"]
[White "Taspinar, Yanki"]
[Black "Devaev, Alexander"]
[WhiteFideId "34561188"]
[BlackFideId "4169395"]
[WhiteElo "2644"]
[BlackElo "2492"]
[Result "1-0"]
[Round "8"]
[TimeControl "180+2"]
[Date "2023.06.27"]
[WhiteClock "0:00:16"]
[BlackClock "0:00:00"]
[Board "84"]

1. Nf3 Nf6 2. g3 c5 3. Bg2 Nc6 4. d4 cxd4 5. Nxd4 e6 6. O-O Be7 7. c4 O-O 8. Nc3 Ne5 9. b3 d6 10. Bb2 a6 11. Qd2 Qd7 12. Rfd1 Qc7 13. Rac1 Rb8 14. f4 Ng6 15. h3 Re8 16. Kh2 Bf8 17. e4 b6 18. Qd3 Bb7 19. Rd2 Ba8 20. Rcd1 Nd7 21. Nf3 Nc5 22. Qe3 b5 23. cxb5 axb5 24. b4 Nd7 25. Nd4 Nb6 26. Ndxb5 Qc8 27. Rc2 Nc4 28. Qc1 Qb7 29. a4 h5 30. h4 Rbc8 31. Ba1 Qb6 32. Ne2 d5 33. Bd4 Qa6 34. f5 Ne7 35. fxe6 fxe6 36. exd5 exd5 37. Qg5 1-0


[Site "https://www.chess.com"]

[Event "Titled Tuesday Blitz June 27 Early 2023"]
[White "Papasimakopoulos, Alexandros"]
[Black "Sai Han Thiha"]
[WhiteFideId "4244125"]
[BlackFideId "13012290"]
[WhiteElo "2643"]
[BlackElo "2489"]
[Result "1-0"]
[Round "8"]
[TimeControl "180+2"]
[Date "2023.06.27"]
[WhiteClock "0:02:29"]
[BlackClock "0:00:11"]
[Board "85"]

1. d4 Nf6 2. c4 e6 3. Nc3 Bb4 4. Qb3 c5 5. dxc5 Na6 6. a3 Bxc3+ 7. Qxc3 Nxc5 8. f3 d5 9. cxd5 b6 10. b4 Na4 11. Qb3 b5 12. e4 a6 13. Bd3 O-O 14. Bg5 exd5 15. e5 Re8 16. f4 h6 17. Bxf6 Qxf6 18. Ne2 Qh4+ 19. g3 Qh3 20. Kf2 Bb7 21. Ng1 Qd7 22. Nf3 d4 23. Rhe1 Rac8 24. Rac1 Rc3 25. Rxc3 dxc3 26. Qc2 Bxf3 27. Kxf3 Rd8 28. Rd1 Nb2 29. Bh7+ Kh8 30. Rxd7 Rxd7 31. Qxc3 Nc4 32. Bd3 Nb6 33. Bf5 Rd1 34. Qc6 1-0


[Site "https://www.chess.com"]

[Event "Titled Tuesday Blitz June 27 Early 2023"]
[White "Garrido Outon, Alex"]
[Black "Weishaeutel, Moritz"]
[WhiteFideId "24516279"]
[BlackFideId "12967300"]
[WhiteElo "2489"]
[BlackElo "2638"]
[Result "0-1"]
[Round "8"]
[TimeControl "180+2"]
[Date "2023.06.27"]
[WhiteClock "0:00:22"]
[BlackClock "0:01:12"]
[Board "86"]

1. e4 e5 2. Nf3 Nf6 3. d3 Nc6 4. Be2 d5 5. Nbd2 g6 6. O-O Bg7 7. Re1 O-O 8. c3 h6 9. b3 Be6 10. Bb2 Qd7 11. a3 Rad8 12. Bf1 Nh5 13. exd5 Bxd5 14. c4 Bxf3 15. Nxf3 Nf4 16. Nxe5 Nxe5 17. Bxe5 Nxd3 18. Bxg7 Kxg7 19. Re3 Nf4 20. Qf3 Ne6 21. Qxb7 Qd4 22. Rae1 Qb2 23. Qe4 Qxa3 24. Qe5+ Kh7 25. Ra1 Qb4 26. Ra4 Qb6 27. h4 h5 28. Bd3 Nc5 29. Qxh5+ Kg8 30. Rg3 Rxd3 0-1


[Site "https://www.chess.com"]

[Event "Titled Tuesday Blitz June 27 Early 2023"]
[White "Ahmad, Khagan"]
[Black "NLLO777"]
[WhiteFideId "13431552"]
[WhiteElo "2615"]
[BlackElo "2481"]
[Result "1-0"]
[Round "8"]
[TimeControl "180+2"]
[Date "2023.06.27"]
[WhiteClock "0:00:14"]
[BlackClock "0:00:15"]
[Board "87"]

1. e4 c5 2. Nf3 d6 3. d4 cxd4 4. Nxd4 Nf6 5. Nc3 a6 6. Be3 e5 7. Nb3 Be6 8. f3 Be7 9. Qd2 O-O 10. Be2 Nbd7 11. O-O Rc8 12. Nd5 Nxd5 13. exd5 Bf5 14. c4 b6 15. f4 exf4 16. Bxf4 Bg6 17. Nd4 Ne5 18. Rac1 Bf6 19. b4 Qd7 20. h3 Rc7 21. Rc3 Rfc8 22. Rfc1 h6 23. Qd1 Qe7 24. Qd2 Bg5 25. Bxg5 Qxg5 26. Qxg5 hxg5 27. Bf3 Rxc4 28. Nc6 Rxc3 29. Rxc3 Re8 30. Ra3 Bd3 31. Nxe5 dxe5 32. Rxd3 e4 33. Re3 f5 34. Bh5 Rd8 35. Bd1 Kf7 36. Bb3 Kf6 37. Kf2 Ke5 38. Rc3 f4 39. Rc6 a5 40. b5 a4 41. Bc4 Kd4 42. d6 a3 43. Be6 Ke5 44. d7 Kf6 45. Rc8 Ke7 46. Rxd8 Kxd8 47. Ke2 Ke7 48. Bf5 g6 49. Bxg6 Kxd7 50. Bxe4 Kd6 51. Kf3 Kc5 52. Bc6 Kd4 53. Kg4 Kc3 54. Kxg5 Kb2 55. Bd5 f3 56. gxf3 Ka1 57. f4 Kb1 58. f5 Ka1 59. Bb3 Kb1 60. f6 Ka1 61. f7 Kb1 62. f8=Q Ka1 63. Qf2 Kb1 64. Qd2 Ka1 65. Qc1# 1-0


[Site "https://www.chess.com"]

[Event "Titled Tuesday Blitz June 27 Early 2023"]
[White "Girya, Olga"]
[Black "Boraso, Alessio"]
[WhiteFideId "4195752"]
[BlackFideId "848077"]
[WhiteElo "2607"]
[BlackElo "2479"]
[Result "1-0"]
[Round "8"]
[TimeControl "180+2"]
[Date "2023.06.27"]
[WhiteClock "0:00:16"]
[BlackClock "0:00:50"]
[Board "88"]

1. d4 c5 2. d5 Nf6 3. Nc3 g6 4. e4 d6 5. Nf3 Bg7 6. h3 O-O 7. Bd3 b5 8. Nxb5 c4 9. Bxc4 Nxe4 10. O-O Ba6 11. a4 Nd7 12. Nxd6 exd6 13. Bxa6 Rb8 14. Bb5 Ndf6 15. Nd4 Rb7 16. Nc6 Qc8 17. Ba6 Re8 18. Be3 Qc7 19. Bxb7 Qxb7 20. Rb1 Qd7 21. Bxa7 Nh5 22. Be3 Qf5 23. c4 Nf4 24. Qg4 Qxg4 25. hxg4 Ne2+ 26. Kh2 N4g3 27. Rfe1 h5 28. Bg5 Be5 29. fxg3 Bxg3+ 30. Kh1 Bxe1 31. Rxe1 Ng3+ 32. Kh2 Rxe1 33. Kxg3 Re4 34. gxh5 gxh5 35. Be7 Rxc4 36. a5 Rc2 37. a6 Rxb2 38. a7 Ra2 39. Bxd6 f5 40. Bc7 Ra6 41. d6 1-0


[Site "https://www.chess.com"]

[Event "Titled Tuesday Blitz June 27 Early 2023"]
[White "Kielinkei"]
[Black "infinitypoint"]
[WhiteElo "2475"]
[BlackElo "2605"]
[Result "0-1"]
[Round "8"]
[TimeControl "180+2"]
[Date "2023.06.27"]
[WhiteClock "0:00:01"]
[BlackClock "0:00:13"]
[Board "89"]

1. d4 Nf6 2. Bg5 Ne4 3. h4 c5 4. d5 Qb6 5. Nd2 Nxg5 6. hxg5 Qxb2 7. Rh4 g6 8. Rb1 Qe5 9. e4 Bg7 10. Ngf3 Qc7 11. Bd3 d6 12. Nc4 Nd7 13. Kf1 a6 14. a4 b6 15. g3 Rb8 16. Na3 h6 17. Kg2 h5 18. Nd2 Ne5 19. f4 Ng4 20. Qe2 Qa7 21. Ndc4 O-O 22. e5 dxe5 23. fxe5 Qd7 24. Nxb6 Rxb6 25. Rxb6 Qxd5+ 26. Be4 Qxe5 27. Nc4 Qxg5 28. Rb8 Be6 29. Rxf8+ Bxf8 30. Kg1 Qc1+ 31. Kg2 Bxc4 32. Qf3 Bf1+ 33. Kh1 Bh3+ 34. Qf1 Qxf1# 0-1


[Site "https://www.chess.com"]

[Event "Titled Tuesday Blitz June 27 Early 2023"]
[White "Niekras, Dawid"]
[Black "Herzog2012"]
[WhiteFideId "1160451"]
[WhiteElo "2594"]
[BlackElo "2473"]
[Result "1-0"]
[Round "8"]
[TimeControl "180+2"]
[Date "2023.06.27"]
[WhiteClock "0:00:08"]
[BlackClock "0:00:00"]
[Board "90"]

1. e4 c5 2. Nf3 Nc6 3. d4 cxd4 4. Nxd4 Nf6 5. Nc3 d6 6. Bc4 Qb6 7. Nxc6 bxc6 8. O-O g6 9. Qe1 Bg7 10. e5 dxe5 11. Qxe5 O-O 12. Qxe7 Bf5 13. Bb3 Rae8 14. Qd6 Rd8 15. Qg3 Nd5 16. Nxd5 cxd5 17. Bg5 Rd7 18. c3 d4 19. cxd4 Qxd4 20. Rad1 Qxb2 21. Rxd7 Bxd7 22. Qc7 Bb5 23. Rc1 Bd4 24. Qf4 Be5 25. Qf3 Bd4 26. h4 Bg7 27. Re1 Qc3 28. Qxc3 Bxc3 29. Re7 Bd4 30. Bh6 Bg7 31. Bxg7 Kxg7 32. Rxa7 Kf6 33. g3 Bd3 34. Kg2 h6 35. f3 g5 36. hxg5+ hxg5 37. Kf2 Kg6 38. Rd7 Bb5 39. Rb7 Bd3 40. Ke3 Bf1 41. Kf2 Bd3 42. a4 f6 43. Rd7 Ba6 44. Bc2+ f5 45. Rd6+ Rf6 46. Rxf6+ Kxf6 47. Ke3 Ke5 48. f4+ gxf4+ 49. gxf4+ Ke6 50. Kd4 Bc8 51. Kc5 Kf6 52. Kd6 Ba6 53. Bb3 Bf1 54. Bd5 Kg6 55. Ke5 Bd3 56. Bc6 1-0


[Site "https://www.chess.com"]

[Event "Titled Tuesday Blitz June 27 Early 2023"]
[White "robertoalejandro10"]
[Black "Lopez Gracia, Fernando"]
[BlackFideId "2207184"]
[WhiteElo "2593"]
[BlackElo "2468"]
[Result "1-0"]
[Round "8"]
[TimeControl "180+2"]
[Date "2023.06.27"]
[WhiteClock "0:00:46"]
[BlackClock "0:00:32"]
[Board "91"]

1. Nf3 d5 2. b3 Nf6 3. Bb2 c6 4. g3 Bg4 5. Bg2 Bxf3 6. Bxf3 Nbd7 7. O-O e5 8. Bg2 Be7 9. d3 O-O 10. Nd2 Re8 11. a3 Qc7 12. c4 d4 13. b4 a5 14. b5 Nc5 15. a4 b6 16. Ba3 Rad8 17. Qc2 Bf8 18. Bxc6 Re6 19. Bg2 Rde8 20. Nb3 Nxb3 21. Qxb3 Bxa3 22. Qxa3 Rc8 23. Rac1 Nd7 24. Bh3 Ree8 25. c5 Nxc5 26. Bxc8 Qxc8 27. Rc4 Qg4 28. f3 Qg5 29. Rxc5 Qe3+ 30. Rf2 bxc5 31. Qxc5 h5 32. b6 h4 33. b7 hxg3 34. hxg3 Qg5 35. Kg2 Rb8 36. Qc8+ Qd8 37. Qxd8+ Rxd8 38. Rf1 Kf8 39. Rc1 Rb8 40. Rc8+ 1-0


[Site "https://www.chess.com"]

[Event "Titled Tuesday Blitz June 27 Early 2023"]
[White "Ibadov, Dashgyn"]
[Black "Pandey Srishti"]
[WhiteFideId "24107514"]
[BlackFideId "35093290"]
[WhiteElo "2590"]
[BlackElo "2450"]
[Result "1-0"]
[Round "8"]
[TimeControl "180+2"]
[Date "2023.06.27"]
[WhiteClock "0:00:07"]
[BlackClock "0:00:09"]
[Board "92"]

1. e4 e5 2. Nf3 Nc6 3. d4 exd4 4. Nxd4 Nf6 5. Nxc6 bxc6 6. e5 Qe7 7. Qe2 Nd5 8. c4 Ba6 9. b3 g6 10. g3 Bg7 11. Bb2 O-O 12. Bg2 Rfe8 13. O-O Nb6 14. Re1 d5 15. Nd2 Rad8 16. Rac1 Qd7 17. Qe3 dxc4 18. Nxc4 Bxc4 19. bxc4 Qd2 20. Qxd2 Rxd2 21. Bxc6 Rb8 22. Rb1 Nxc4 23. Bc3 Rdd8 24. f4 Bf8 25. Kg2 Rb6 26. Bf3 Rd3 27. Rxb6 axb6 28. Rc1 Ba3 29. Be2 Re3 30. Rc2 Re4 31. Kf3 Re3+ 32. Kg2 Re4 33. Kf3 Re3+ 34. Kf2 Bc5 35. Kf1 Re4 36. Bd3 Ne3+ 37. Ke2 Ra4 38. Rb2 Ra3 39. Bd2 Ng4 40. h3 Nf2 41. Bc4 Rxg3 42. e6 fxe6 43. Bxe6+ Kf8 44. Be1 Rg2 45. Kf1 Rh2 46. Bxf2 Rh1+ 47. Kg2 Rc1 48. Bxc5+ Rxc5 49. Rd2 Ke7 50. Bd5 Rc3 51. Bf3 Kf6 52. Kg3 h5 53. h4 Kf5 54. Rd5+ Ke6 55. Re5+ Kf6 56. a4 Ra3 57. Re4 Kf5 58. Rc4 c5 59. Kf2 Ke6 60. Be4 Kf6 61. Bc2 Kf7 62. f5 gxf5 63. Rf4 Kf6 64. Rxf5+ Ke6 65. Rf3 Ra2 66. Re3+ Kd5 67. Re2 Kd4 68. Kf3 Ra3+ 69. Kf4 Rh3 70. Kg5 Rg3+ 71. Kxh5 Kc3 72. Kh6 c4 73. h5 Kb4 74. Bg6 c3 75. Kg7 Kxa4 76. h6 Kb3 77. h7 Rh3 78. h8=Q Rxh8 79. Kxh8 b5 80. Kg7 b4 81. Kf6 Ka3 82. Ke5 b3 83. Kd4 c2 84. Bxc2 bxc2 85. Rxc2 Kb3 86. Kd3 Kb4 87. Rc3 1-0


[Site "https://www.chess.com"]

[Event "Titled Tuesday Blitz June 27 Early 2023"]
[White "Yurovskykh, Oleksandr"]
[Black "Titichoca Daza, Daniel"]
[WhiteFideId "14134020"]
[BlackFideId "3309550"]
[WhiteElo "2587"]
[BlackElo "2452"]
[Result "0-1"]
[Round "8"]
[TimeControl "180+2"]
[Date "2023.06.27"]
[WhiteClock "0:00:01"]
[BlackClock "0:00:17"]
[Board "93"]

1. d4 Nf6 2. Nf3 c6 3. Bf4 h6 4. e3 g5 5. Be5 Bg7 6. h3 d6 7. Bh2 Bf5 8. Bd3 Bxd3 9. Qxd3 Qb6 10. Qb3 Nbd7 11. Nbd2 Qxb3 12. Nxb3 O-O 13. c3 Ne4 14. Nfd2 Nxd2 15. Kxd2 c5 16. Na5 Nf6 17. f3 cxd4 18. exd4 Nd5 19. Nc4 b5 20. Ne3 Nxe3 21. Kxe3 a5 22. Rac1 Rab8 23. Rc2 Rfc8 24. b3 f5 25. Rhc1 Rc6 26. Kd3 Rbc8 27. g4 Rf8 28. Ke2 d5 29. gxf5 Rxf5 30. c4 bxc4 31. bxc4 Bxd4 32. cxd5 Rxc2+ 33. Rxc2 Rxd5 34. Bc7 a4 35. Rc4 a3 36. Ra4 Bb2 37. Bb6 Bc1 38. Bd4 Rb5 39. Rc4 Bb2 40. Bc5 Kf7 41. Kd3 Bf6 42. Rc2 Ra5 43. Bb4 Ra4 44. Kc4 Bb2 45. Kb3 Ra8 46. Re2 e6 47. Re4 e5 48. Rc4 Kg6 49. Rc6+ Kh5 50. Bd2 Rb8+ 51. Ka4 Rf8 52. h4 Rxf3 53. hxg5 hxg5 54. Rc8 e4 55. Re8 Rd3 56. Bxg5 Rd4+ 57. Kb3 Kxg5 58. Rg8+ Kf4 59. Kc2 Rc4+ 60. Kd2 Rc1 61. Ke2 Rc2+ 62. Kd1 Rh2 63. Rf8+ Ke3 64. Rf3+ Kxf3 0-1


[Site "https://www.chess.com"]

[Event "Titled Tuesday Blitz June 27 Early 2023"]
[White "whiteglovethief"]
[Black "Domingo Nunez, Ruben"]
[BlackFideId "22245570"]
[WhiteElo "2449"]
[BlackElo "2569"]
[Result "1-0"]
[Round "8"]
[TimeControl "180+2"]
[Date "2023.06.27"]
[WhiteClock "0:01:20"]
[BlackClock "0:00:12"]
[Board "94"]

1. d4 g6 2. c4 Bg7 3. Nc3 d6 4. e4 Nd7 5. Nf3 e5 6. Be2 Ngf6 7. O-O O-O 8. Be3 exd4 9. Nxd4 Re8 10. f3 Nc5 11. Rc1 a5 12. b3 Bd7 13. Bf2 Nh5 14. Re1 Nf4 15. Bf1 Bh6 16. Rc2 Qg5 17. Kh1 Qe5 18. g3 Nfe6 19. Nd5 Qh8 20. Nb5 Rac8 21. Bxc5 dxc5 22. Ndxc7 Bxb5 23. Nxb5 Rcd8 24. Qe2 Nd4 25. Nxd4 Qxd4 26. f4 a4 27. Bg2 f6 28. e5 fxe5 29. fxe5 axb3 30. axb3 b6 31. Bd5+ Rxd5 32. cxd5 Qxd5+ 33. Qe4 Qxb3 34. Rf2 Bg7 35. e6 Bd4 36. Qb7 Rd8 37. Qf7+ Kh8 38. e7 1-0


[Site "https://www.chess.com"]

[Event "Titled Tuesday Blitz June 27 Early 2023"]
[White "Ai, Evan"]
[Black "Ambartsumova, Karina"]
[WhiteFideId "2094770"]
[BlackFideId "4166299"]
[WhiteElo "2427"]
[BlackElo "2566"]
[Result "0-1"]
[Round "8"]
[TimeControl "180+2"]
[Date "2023.06.27"]
[WhiteClock "0:00:00"]
[BlackClock "0:00:46"]
[Board "95"]

1. d4 Nf6 2. c4 g6 3. Nf3 Bg7 4. g3 O-O 5. Bg2 d6 6. O-O c6 7. Nc3 Bf5 8. Re1 Ne4 9. Nh4 Nxc3 10. bxc3 Be6 11. d5 Bd7 12. Qd3 Na6 13. Ba3 Rc8 14. Rec1 Qa5 15. Bb2 Nc5 16. Qd2 Na4 17. Rab1 cxd5 18. cxd5 Nxb2 19. Qxb2 b6 20. Qb4 Bxc3 21. Qxa5 Bxa5 22. e4 Bd2 23. Rxc8 Rxc8 24. Nf3 Bh6 25. Nd4 Rc4 26. Nb5 a6 27. Na7 b5 28. f4 Bg7 29. Nc6 Bxc6 30. dxc6 Rxc6 31. Kf1 Rc2 32. a3 Bb2 33. e5 Bxa3 34. exd6 exd6 35. Ra1 b4 36. Kg1 a5 0-1


[Site "https://www.chess.com"]

[Event "Titled Tuesday Blitz June 27 Early 2023"]
[White "Gulkov, Igor A."]
[Black "Alinasab, Mobina"]
[WhiteFideId "4120973"]
[BlackFideId "12528897"]
[WhiteElo "2424"]
[BlackElo "2558"]
[Result "1-0"]
[Round "8"]
[TimeControl "180+2"]
[Date "2023.06.27"]
[WhiteClock "0:00:12"]
[BlackClock "0:00:08"]
[Board "96"]

1. Nf3 Nf6 2. c4 c5 3. Nc3 e6 4. g3 b6 5. Bg2 Bb7 6. O-O d6 7. b3 a6 8. d4 cxd4 9. Qxd4 Nbd7 10. Rd1 Qc7 11. e4 Be7 12. Ba3 Nc5 13. e5 dxe5 14. Qxe5 Qxe5 15. Nxe5 Bxg2 16. Kxg2 Rc8 17. f4 O-O 18. Na4 b5 19. Nxc5 Bxc5 20. Bxc5 Rxc5 21. b4 Rc7 22. c5 Nd5 23. a3 Ne3+ 24. Kf3 Nxd1 25. Rxd1 f6 26. Nd7 Re8 27. Rd6 Kf7 28. Nb6 Ke7 29. f5 Kf7 30. g4 exf5 31. gxf5 Re5 32. Kf4 g6 33. fxg6+ hxg6 34. Nd5 Rf5+ 35. Ke4 Ra7 36. c6 Re5+ 37. Kd4 Re6 38. Kc5 f5 39. c7 Rxc7+ 40. Nxc7 Re2 41. Nd5 Rxh2 42. Rxa6 Rc2+ 43. Kxb5 Rd2 44. Kc5 Kg7 45. b5 g5 46. b6 Rc2+ 47. Kb5 Rc8 48. b7 Rb8 49. Kb6 g4 50. Nf4 Kf6 51. Ra4 Kg5 52. Kc7 Rxb7+ 53. Kxb7 g3 54. Rb4 Kg4 55. a4 Kf3 56. a5 g2 57. Nxg2 Kxg2 58. a6 1-0


[Site "https://www.chess.com"]

[Event "Titled Tuesday Blitz June 27 Early 2023"]
[White "TomLiu777"]
[Black "Degenbaev, Aziz"]
[BlackFideId "13802640"]
[WhiteElo "2416"]
[BlackElo "2556"]
[Result "1/2-1/2"]
[Round "8"]
[TimeControl "180+2"]
[Date "2023.06.27"]
[WhiteClock "0:00:02"]
[BlackClock "0:01:23"]
[Board "97"]

1. c4 Nf6 2. Nc3 g6 3. g3 Bg7 4. Bg2 c5 5. b3 Nc6 6. Bb2 e5 7. d3 d6 8. Nf3 O-O 9. O-O h6 10. Qd2 Be6 11. Rac1 Qd7 12. e4 Bh3 13. Nd5 Bxg2 14. Kxg2 Nxd5 15. cxd5 Ne7 16. b4 b6 17. Ne1 g5 18. f3 f5 19. Nc2 Rac8 20. Ne3 f4 21. Nc4 fxg3 22. hxg3 Ng6 23. bxc5 bxc5 24. Rh1 g4 25. f4 exf4 26. Bxg7 Qxg7 27. Nxd6 f3+ 28. Kf1 Rb8 29. Nf5 Rb2 30. Nxh6+ Kh8 31. Nxg4+ Kg8 32. Nh6+ Kh8 33. Nf5+ Kg8 34. Qg5 Qf6 35. Ne7+ Qxe7 36. Qxg6+ Qg7 37. Qxg7+ Kxg7 38. Rh4 Rxa2 39. Rg4+ Kh6 40. Rf4 Rb8 41. Rxf3 Rh2 42. Kg1 Rbb2 43. d6 Rbg2+ 44. Kf1 Rd2 45. Kg1 Rdg2+ 46. Kf1 Rd2 47. Kg1 Rdg2+ 1/2-1/2


[Site "https://www.chess.com"]